 Dungeon Crawl Stone Soup version 0.20-a0-899-g09a9bfb (webtiles) character file.

65 4thArraOfDagon the Slasher (level 3, -1/24 HPs)
             Began as a Mummy Wanderer on Mar 18, 2017.
             Killed from afar by a dart slug (6 damage)
             ... with a slug dart
             ... on level 1 of the Dungeon.
             The game lasted 00:03:25 (1332 turns).

4thArraOfDagon the Slasher (Mummy Wanderer)         Turns: 1332, Time: 00:03:26

Health: -1/24      AC:  6    Str: 17    XL:     3   Next: 92%
Magic:  5/5        EV:  9    Int: 10    God:
Gold:   73         SH:  0    Dex: 11    Spells: 4/4 levels left

rFire    . . .     SeeInvis .   c - +0 falchion
rCold    + . .     Gourm    .   g - +0 scale mail
rNeg     + + +     Faith    .   (no shield)
rPois    ∞         Spirit   .   (no helmet)
rElec    .         Reflect  .   (no cloak)
rCorr    .         Harm     .   (no gloves)
MR       .....                  (no boots)
Stlth    ..........             (no amulet)
Regen    0.1/turn               (no ring)
MPRegen  0.1/turn               f - ring of protection from fire

@: no status effects
A: no food or potions, fire vulnerability, cold resistance 1, negative energy
resistance 3, torment resistance, unbreathing
a: no special abilities


You were on level 1 of the Dungeon.
You were not hungry.

You visited 1 branch of the dungeon, and saw 4 of its levels.

You collected 73 gold pieces.

Inventory:

Hand Weapons
 c - a +0 falchion (weapon)
Missiles
 h - 6 poisoned tomahawks (quivered)
Armour
 d - a +0 robe
 g - a +0 scale mail (worn)
Jewellery
 f - a ring of protection from fire (left hand)
 j - an uncursed ring of ice
 k - an uncursed ring of teleportation
Scrolls
 b - 3 scrolls of teleportation
 e - 2 scrolls of enchant armour {unknown}
 i - a scroll of recharging
Books
 a - a book of Maledictions

   Spells                             Type                      Level
   a - Corona                         Hexes                        1
   b - Ensorcelled Hibernation        Hexes/Ice                    2
   c - Confuse                        Hexes                        3
   d - Tukima's Dance                 Hexes                        3
   e - Dazzling Spray                 Conjuration/Hexes            3


   Skills:
 * Level 4.6 Long Blades
 - Level 1.0 Throwing
 - Level 1.0 Dodging
 - Level 1.3 Spellcasting
   Level 1.7 Hexes
   Level 1.0 Evocations


You had 4 spell levels left.
You didn't know any spells.

Dungeon Overview and Level Annotations

Branches:
Dungeon (4/15)
 Temple: D:4-7

Altars:
Fedhas

Shops:
D:4 :}

Annotations:
D:3 HEYYEYAAE's ghost, amateur HuAK
D:4 2 runed doors, Edmund


Innate Abilities, Weirdness & Mutations

You do not eat or drink.
Your flesh is vulnerable to fire.
You are immune to poison.
Your flesh is cold resistant. (rC+)
You are immune to negative energy. (rN+++)
You are immune to unholy pain and torment.
You can survive without breathing.


Message History

You climb upwards.
There is a stone staircase leading down here.
Unknown command.
A dart slug comes into view.
The dart slug launches a dart at you. The slug dart hits you!
* * * LOW HITPOINT WARNING * * *
The dart slug launches a dart at you. The slug dart misses you.
Unknown command.
You start resting.
Throwing (i - inventory):
h - 7 poisoned tomahawks (quivered)
Press: ? - help, Shift-Dir - straight line, f - dart slug
Aim: a dart slug (clinging)
You throw a poisoned tomahawk.
The poisoned tomahawk hits the dart slug but does no damage.
The dart slug is poisoned.
The dart slug launches a dart at you. The slug dart hits you!
You die...

##...... w...... #.....
+.... #... #.. #.#
##############w#########
.............#..@.......
.........###....####...#
.....>...# #....# #.# ..#
.........# #....# #.#....##
..................
#.#......
#######...........#
#.#..#.# #####
#...........# #.#......
....# #...........## #....#
.#. ....#
######+#######.#.#.###.#.##


You could see a dart slug.

Vanquished Creatures
  A hound skeleton (D:4)
  2 adders
  An ooze (D:2)
  A worm (D:2)
  An orc (D:3)
  5 goblins
  2 hobgoblins (D:2)
  A kobold (D:2)
  A quokka (D:2)
  7 bats
  2 frilled lizards
  2 rats
26 creatures vanquished.

Notes
Turn   | Place    | Note
-------+----------+-------------------------------------------
     0 | D:1      | 4thArraOfDagon the Mummy Wanderer began the quest for the Orb.
     0 | D:1      | 4thArraOfDagon set off with: a book of Maledictions, a scroll of teleportation, a +0 falchion, a +0 robe
     0 | D:1      | Reached XP level 1. HP: 13/13 MP: 2/2
   287 | D:2      | Reached XP level 2. HP: 11/19 MP: 4/4
   431 | D:4      | Found a blossoming altar of Fedhas.
   441 | D:4      | Found Orhen's Gadget Emporium.
   456 | D:4      | Reached skill level 4 in Long Blades
   461 | D:4      | Found Yfady's Book Shoppe.
   815 | D:4      | Found a large runed door.
   815 | D:4      | Found a large runed door.
   838 | D:4      | Reached XP level 3. HP: 12/24 MP: 5/5
  1022 | D:4      | Noticed Edmund
  1091 | D:3      | Noticed HEYYEYAAE's ghost (amateur HuAK)
  1332 | D:1      | Killed from afar by a dart slug

Vault maps used:
D:1:      minmay_arrival_stone_box, minmay_misc_feat_room
D:2:      lemuel_coloured_pillars_altar, marbit_many_paths, kennysheep_nub
D:3:      grunt_temple_overflow_diamond, first_bread, grunt_ministairs_2,
          hangedman_abyss_or_decor_lesser_grid, minmay_shallow_snake_nest
D:4:      kennysheep_mini, tso_oasis_becter, gammafunk_temple_overflow_elements,
          serial_shops, nicolae_shop_stone, kennysheep_mini_moat,
          nicolae_shop_statue_plus, shop, shop, minmay_hollow_rounded_squares,
          uniq_duvessa, uniq_menkaure, uniq_edmund

Skill      XL: |  1  2 |
---------------+-------+-----
Long Blades    | 4 |  4.6
Throwing       | |  1.0
Dodging        | |  1.0
Spellcasting   | |  1.3
Hexes          | |  1.7
Evocations     | |  1.0

Action                   || total
-------------------------++-------
Melee: Falchion          ||   103
Throw: Tomahawk          ||     4
  Use: Scroll            ||     4
Armor: Scale mail        ||    51
       Robe              ||     4
Dodge: Dodged            ||    73
       Rpst.: Falchion   ||    29
